 Dungeon Crawl Stone Soup version 0.15.0-27-gbdb0435 (webtiles) character file.

3447 Rhoefr the Spear-Bearer (level 10, -3/63 HPs)
             Began as a Merfolk Ice Elementalist on Sept 11, 2014.
             Was a Priest of Okawaru.
             Shot with a sling bullet by Joseph (4 damage)
             ... on Level 8 of the Dungeon.
             The game lasted 01:12:11 (10332 turns).

Rhoefr the Spear-Bearer (Merfolk Ice Elementalist) Turns: 10332, Time: 01:12:12

HP  -3/63        AC 16     Str  8      XL: 10   Next:  6%
MP   1/18        EV 18     Int 18      God: Okawaru [***...]
Gold 171         SH  6     Dex 15      Spells:  5 memorised,  3 levels left

rFire  + . .     SeeInvis .     p - +0 trident
rCold  . . .     Clarity  .     E - +2 robe {MR+}
rNeg   + . .     rCorr    .     (no shield)
rPois  .         rRot     .     L - +1 helmet
rElec  .         Spirit   .     K - +0 cloak
SustAb .         Warding  .     d - +1 pair of gloves (curse)
rMut   .         Stasis   .     H - +0 pair of boots
Gourm  +                        n - amulet of the gourmand
MR     +....                    l - ring of positive energy
                                o - ring of protection from fire

@: icy armour, icy shield, somewhat resistant to hostile enchantments,
unstealthy
A: change form in water, swift swim
a: Heroism, Renounce Religion


You were on level 8 of the Dungeon.
You worshipped Okawaru.
Okawaru was most pleased with you.
You were not hungry.

You visited 1 branch of the dungeon, and saw 8 of its levels.

You collected 475 gold pieces.
You spent 304 gold pieces at shops.

Inventory:

Hand weapons
 p - a +0 trident (weapon)
Missiles
 u - 4 tomahawks (quivered)
Armour
 d - a cursed +1 pair of gloves (worn)
 g - a +0 leather armour of fire resistance
 E - a +2 robe of magic resistance (worn)
 H - a +0 pair of boots (worn)
 K - a +0 cloak (worn)
 L - a +1 helmet (worn)
Magical devices
 a - a wand of disintegration (9)
 v - a wand of confusion (11)
 y - a wand of disintegration (6)
 z - a wand of teleportation (3)
Comestibles
 c - 6 bread rations
 f - 8 fruits
 k - 5 beef jerkies
 t - a meat ration
 J - 7 slices of pizza
Scrolls
 e - 4 scrolls of magic mapping
 i - 3 scrolls of remove curse
 q - 3 scrolls of amnesia
 r - 4 scrolls of teleportation
 s - a scroll of random uselessness
 A - a scroll of enchant weapon
 D - 4 scrolls of blinking
 M - 2 scrolls of identify
Jewellery
 l - a ring of positive energy (right hand)
 n - an amulet of the gourmand (around neck)
 o - a ring of protection from fire (left hand)
 C - a cursed -4 ring of protection {unknown}
Potions
 h - 2 potions of porridge
 j - 2 potions of curing
 m - a potion of lignification
 w - a potion of invisibility {unknown}
 x - a potion of cure mutation {unknown}
 B - a potion of agility
 I - a potion of beneficial mutation {unknown}
 N - a potion of heal wounds {unknown}
Books
 b - a book of Frost

   Spells                             Type                      Level
   *Freeze                            Ice                          1
   *Throw Frost                       Conjuration/Ice              2
   *Ozocubu's Armour                  Charms/Ice                   3
   Throw Icicle                       Conjuration/Ice              4
   Summon Ice Beast                   Ice/Summoning                4
   *Condensation Shield               Ice                          4
 F - a book of Maledictions

   Spells                             Type                      Level
   Corona                             Hexes                        1
   Sure Blade                         Hexes/Charms                 2
   *Ensorcelled Hibernation           Hexes/Ice                    2
   Confuse                            Hexes                        3
   Dazzling Spray                     Conjuration/Hexes            3
   Enslavement                        Hexes                        4


   Skills:
 + Level 11.5 Polearms
 + Level 9.8 Dodging
 - Level 2.1 Stealth
 - Level 3.1 Spellcasting
 - Level 0.7 Conjurations
 - Level 3.1 Charms
 + Level 8.9 Ice Magic


You had 3 spell levels left.
You knew the following spells:

 Your Spells              Type           Power        Failure   Level  Hunger
a - Freeze                Ice            ####         1%          1    None
b - Throw Frost           Conj/Ice       ###...       3%          2    ##.....
c - Ozocubu's Armour      Chrm/Ice       ###.....     4%          3    ###....
d - Condensation Shield   Ice            #####.....   4%          4    ####...
e - Ensorcelled Hibernat  Hex/Ice        ###...       4%          2    ##.....


Dungeon Overview and Level Annotations

Branches:
Dungeon (8/15)             Temple (0/1) D:4
   Lair: D:8-11

Altars:
Ashenzari
Cheibriados
Dithmenos
Fedhas
Makhleb
Okawaru
Qazlal
Sif Muna
Xom
Yredelemnul
The Shining One

Shops:
D:5 (   D:6 [[(?*

Annotations:
D:7 7 exclusions
D:8 Joseph


Message History

Aiming: Freeze
Press: ? - help, Shift-Dir - straight line, f/p - Joseph
Aim: Joseph, wielding a runed quarterstaff, wearing a ring mail and carrying a wand of cold {zapped: 6} (severely wounded)
You freeze Joseph.
Joseph is severely wounded.
Joseph zaps a wand.
The bolt of cold hits you!
* * * LOW HITPOINT WARNING * * *
Drink which item? (? for menu, Esc to quit)
You feel better.
Your icy shield starts to melt.
Joseph hits you with an uncursed runed quarterstaff!
* * * LOW HITPOINT WARNING * * *
You feel your power leaking away.
Joseph unwields an uncursed antimagic quarterstaff.
Joseph wields an uncursed hunting sling of freezing.
It is covered in frost.
Joseph shoots a sling bullet.
The sling bullet hits you!
* * * LOW HITPOINT WARNING * * *
The sling bullet freezes you.
You die...

#..... #...... #.......
###################.......
..........................
.......@...................
..........(................
...%.......................
.........@..(.....)###+###
.............(.....))....#
...................#)....#
+####+###.........#......
#......[..#......
+.........###'###
#................
#................
................


You could see Joseph.

Vanquished Creatures
  Eustachio (D:6)
  A human (D:7)
  Edmund (D:4)
  Menkaure (D:7)
  2 ice beasts
  An orc warrior (D:7)
  2 sky beasts (D:7)
  2 ogres (D:5)
  3 centaurs
  2 phantoms
  Blork the orc (D:6)
  A gnoll sergeant (D:7)
  3 giant frogs
  2 scorpions (D:4)
  4 wights (D:8)
  5 killer bees (D:7)
  A goliath beetle (D:7)
  2 crimson imps
  An elf zombie (D:6)
  4 orc priests
  A jelly (D:7)
  3 hounds
  2 iguanas
  6 worker ants
  4 orc wizards
  4 sheep (D:7)
  5 gnolls (D:7)
  A worker ant zombie (D:6)
  9 adders
  A shadow imp (D:6)
  2 giant mites
  3 worms (D:3)
  2 giant geckos
  28 orcs
  3 ball pythons
  7 giant cockroaches
  13 goblins
  13 hobgoblins
  18 bats
  A giant gecko zombie (D:7)
  7 giant newts
  2 giant spores (D:7)
  A hobgoblin zombie (D:7)
  8 jackals
  17 kobolds
  3 quokkas
  31 rats
  5 ballistomycetes (D:7)
240 creatures vanquished.

Notes
Turn   | Place    | Note
--------------------------------------------------------------
     0 | D:1      | Rhoefr, the Merfolk Ice Elementalist, began the quest for the Orb.
     0 | D:1      | Reached XP level 1. HP: 13/13 MP: 3/3
   307 | D:1      | Reached XP level 2. HP: 19/19 MP: 0/4
   350 | D:1      | Learned a level 2 spell: Throw Frost
   660 | D:1      | Reached skill level 4 in Ice Magic
   944 | D:1      | Reached XP level 3. HP: 24/24 MP: 4/6
   968 | D:1      | Learned a level 3 spell: Ozocubu's Armour
  1362 | D:2      | Found a stormy altar of Qazlal.
  1367 | D:2      | Found an iron altar of Okawaru.
  1388 | D:2      | Became a worshipper of Warmaster Okawaru
  1574 | D:2      | Found a shattered altar of Ashenzari.
  1945 | D:2      | Reached skill level 5 in Ice Magic
  2101 | D:2      | Reached XP level 4. HP: 30/30 MP: 5/7
  2528 | D:3      | Reached XP level 5. HP: 28/35 MP: 5/9
  2669 | D:3      | Reached skill level 1 in Polearms
  2669 | D:3      | Reached skill level 6 in Ice Magic
  3348 | D:4      | Reached XP level 6. HP: 32/41 MP: 0/10
  3464 | D:4      | Noticed Edmund
  3483 | D:4      | Killed Edmund
  3483 | D:4      | Acquired Okawaru's first power
  3483 | D:4      | Reached skill level 5 in Polearms
  4007 | D:4      | Reached XP level 7. HP: 46/46 MP: 3/12
  4120 | D:4      | Found a staircase to the Ecumenical Temple.
  4374 | D:4      | Learned a level 4 spell: Condensation Shield
  4421 | D:5      | Entered Level 5 of the Dungeon
  4461 | D:5      | Reached skill level 7 in Ice Magic
  4832 | D:5      | Reached skill level 8 in Polearms
  5119 | D:5      | Found Khas' Antique Weapon Shoppe.
  5700 | D:5      | Reached XP level 8. HP: 48/52 MP: 6/16
  5982 | D:5      | Found a shadowy altar of Dithmenos.
  6139 | D:5      | Reached skill level 5 in Dodging
  6139 | D:5      | Reached skill level 1 in Charms
  6528 | D:6      | Reached skill level 9 in Polearms
  6688 | D:6      | Found Schotooti's Magic Scroll Emporium.
  6707 | D:6      | Bought a scroll of enchant weapon for 75 gold pieces
  6707 | D:6      | Bought a scroll of magic mapping for 35 gold pieces
  6713 | D:6      | Found Qukhal's Weapon Shoppe.
  6738 | D:6      | Found Gazag's Antique Armour Shoppe.
  7051 | D:6      | Found Xamm's Antique Armour Shop.
  7103 | D:6      | Bought a runed hat for 116 gold pieces
  7112 | D:6      | Noticed Blork the orc
  7122 | D:6      | Killed Blork the orc
  7212 | D:6      | Reached XP level 9. HP: 27/57 MP: 13/18
  7220 | D:6      | Found a deep blue altar of Sif Muna.
  7557 | D:6      | Learned a level 2 spell: Ensorcelled Hibernation
  7571 | D:6      | Found a basalt altar of Yredelemnul.
  7660 | D:6      | Noticed Eustachio
  7667 | D:6      | Killed Eustachio
  7667 | D:6      | Reached skill level 10 in Polearms
  7694 | D:6      | Got a brightly glowing silver amulet
  7698 | D:6      | Identified the amulet "Pownollu" {+Rage +Inv +Fly rPois rF+ Slay-7} (You found it on level 6 of the Dungeon)
  7738 | D:6      | Found Fatz's Assorted Antiques.
  7744 | D:6      | Bought a scroll of teleportation for 78 gold pieces
  7925 | D:7      | Noticed Menkaure
  7941 | D:7      | Killed Menkaure
  8252 | D:7      | Found a snail-covered altar of Cheibriados.
  8595 | D:7      | Found a blossoming altar of Fedhas.
  8614 | D:7      | Found a burning altar of Makhleb.
  8614 | D:7      | Noticed a green death
  8730 | D:7      | Reached skill level 11 in Polearms
  9141 | D:7      | Found a glowing golden altar of the Shining One.
  9141 | D:7      | Found a basalt altar of Yredelemnul.
  9142 | D:7      | Noticed an angel
  9152 | D:7      | Noticed a profane servitor
  9835 | D:7      | Noticed a smoke demon
  9885 | D:7      | Found a shimmering altar of Xom.
 10121 | D:8      | Reached XP level 10. HP: 63/63 MP: 13/18
 10308 | D:8      | Noticed Joseph
 10332 | D:8      | HP: 1/63 [Joseph/ sling bullet (11)]
 10332 | D:8      | Shot with a sling bullet by Joseph

Action                   |  1- 3 |  4- 6 |  7- 9 | 10-12 || total
-------------------------+-------+-------+-------+-------++-------
Melee: Unarmed           |     5 |       |       |       ||     5
       Short sword       |    18 |     1 |       |       ||    19
       Trident           |       |    90 |   450 |    38 ||   578
 Cast: Freeze            |    65 |    68 |   162 |     8 ||   303
       Throw Frost       |     1 |     5 |    19 |     4 ||    29
       Ozocubu's Armour  |     1 |     4 |    25 |     3 ||    33
       Condensation Shie |       |       |    12 |     4 ||    16
Invok: Heroism           |       |       |     8 |       ||     8
Evoke: Wand              |       |       |     3 |       ||     3
  Use: Scroll            |     7 |     4 |     3 |       ||    14
       Potion            |     1 |       |       |     1 ||     2
 Stab: Sleeping          |     2 |     6 |     5 |       ||    13
       Distracted        |       |       |     3 |       ||     3
       Confused          |       |       |     1 |       ||     1
  Eat: Chunk             |     9 |     7 |    25 |       ||    41
       Beef jerky        |       |       |     2 |       ||     2
